 Dungeon Crawl Stone Soup version 0.28-a0-10-g964c8b829e (webtiles) character file.

Game seed: 6753205007422926024

80 pkoi the Slasher (level 4, 0/41 HPs)
             Began as a Minotaur Monk on July 26, 2021.
             Killed by nerve-wracking pain
             ... invoked by an orc priest
              (10 damage)
             ... on level 3 of the Dungeon.
             The game lasted 00:02:17 (3406 turns).

pkoi the Slasher (Minotaur Monk)                    Turns: 3406, Time: 00:02:18

Health: 0/41       AC:  6    Str: 17    XL:     4   Next: 18%
Magic:  3/3        EV: 10    Int:  7    God:
Gold:   99         SH:  0    Dex: 12    Spells: 3/3 levels left

rFire   . . .      SeeInvis .   a - +0 falchion
rCold   . . .      Faith    .   (no shield)
rNeg    . . .      Spirit   .   d - +0 scale mail
rPois   .          Reflect  .   (helmet restricted)
rElec   .          Harm     .   (no cloak)
rCorr   .          Rampage  .   (no gloves)
Will    .....                   (no boots)
Stlth   ..........              (no amulet)
HPRegen 0.13/turn               (no ring)
MPRegen 0.08/turn               (no ring)

@: confused
A: horns 2, retaliatory headbutt
a: no special abilities


You were on level 3 of the Dungeon.
You visited 1 branch of the dungeon, and saw 3 of its levels.

You collected 99 gold pieces.

Inventory:

Hand Weapons
 a - a +0 falchion (weapon)
Armour
 d - a +0 scale mail (worn)
Jewellery
 f - a ring of see invisible
Wands
 h - a wand of acid (13)
Scrolls
 e - 3 scrolls of teleportation {unknown}
 g - a scroll of identify {unknown}
 j - a scroll of enchant weapon {unknown}
 l - a scroll of magic mapping {unknown}
Potions
 b - 2 potions of curing {unknown}
 c - a potion of lignification
 i - a potion of haste {unknown}
 k - a potion of might {unknown}
 m - a potion of flight {unknown}


   Skills:
 + Level 4.3 Fighting
 * Level 5.0 Long Blades
 + Level 2.1 Armour
 - Level 3.2 Dodging
 - Level 1.5 Stealth


You had 3 spell levels left.
You didn't know any spells.
Your spell library contained the following spells:

 Spells                   Type           Power      Damage    Failure   Level
 Corona                   Hex            0%         N/A       85%         1
 Ensorcelled Hibernation  Hex/Ice        0%         N/A       94%         2
 Tukima's Dance           Hex            0%         N/A       99%         3


Dungeon Overview and Level Annotations

Branches:
Dungeon (3/15)

Altars:
Fedhas

Shops:
D:3 :

Annotations:
D:3 Ijyb


Innate Abilities, Weirdness & Mutations

You have a pair of horns on your head.
You reflexively headbutt those who attack you in melee.


Message History

The orc shouts!
The orc wizard shouts!
You barely miss the orc priest. The orc misses you.
The orc priest mumbles some strange prayers to Beogh against you.
Pain shoots through your body!
You hit the orc priest.
The orc priest is moderately wounded.
The orc misses you.
You hit the orc priest but do no damage.
The orc priest is moderately wounded.
The orc completely misses you. The orc priest barely misses you.
You furiously retaliate!
You headbutt the orc priest.
The orc wizard points at you and mumbles some strange words.
The puff of flame misses you.
You closely miss the orc priest. Your headbutt misses the orc priest.
The orc priest is severely wounded.
The orc hits you but does no damage. The orc priest hits you with a +0 whip.
The orc wizard points at you and mumbles some strange words.
You are confused.
Unknown command.
You are too confused!
You barely miss the orc priest.
The orc priest is severely wounded.
The orc barely misses you. The orc priest hits you with a +0 whip.
The orc wizard gestures wildly while chanting.
The orc wizard flickers and vanishes!
Deactivating autopickup; reactivate with Ctrl-A.
Unknown command.
The orc priest begins to cast a cantrip, but forgets the words!
Unknown command.
You're too confused to move!
The orc hits you from afar with a +1 vorpal trident.
Something hits you but does no damage.
Unknown command.
You bump into the rock wall.
The orc hits you from afar with a +1 vorpal trident!
* * * LOW HITPOINT WARNING * * *
x2 The orc priest calls down the wrath of Beogh upon you.
Pain shoots through your body!
You die...

###........>#
##...........#
#..##.##..#### #####.##..##
#..........## #.....##.#..#
########....##########
##............# #....#
#.#@o........# ##.#...
.#.#..........# .##.....#
#....o.........#
......#.######............#
.....#...#................#
.[.#...8.#................#
.#........................#
.# #.8.∩<8................#
.###.#....................#


You could see an orc priest and an orc.

Vanquished Creatures
  An adder (D:2)
  A worm (D:2)
  3 dart slugs
  2 orcs (D:2)
  A ball python (D:2)
  5 bats
  An endoplasm (D:1)
  8 goblins
  4 hobgoblins (D:1)
  12 jackals
  A quokka (D:2)
  4 frilled lizards
  7 kobolds
  3 rats
53 creatures vanquished.

Vanquished Creatures (others)
  A rat (D:3)
1 creature vanquished.

Grand Total: 54 creatures vanquished

Notes
Turn   | Place    | Note
-------+----------+-------------------------------------------
     0 | D:1      | pkoi the Minotaur Monk began the quest for the Orb.
     0 | D:1      | Reached XP level 1. HP: 19/19 MP: 0/0
    40 | D:1      | Reached skill level 4 in Long Blades
    42 | D:1      | Reached XP level 2. HP: 23/27 MP: 1/1
    48 | D:1      | Reached skill level 1 in Armour
   555 | D:1      | Found a faded altar of an unknown god.
   618 | D:1      | Reached XP level 3. HP: 19/33 MP: 2/2
  2348 | D:2      | Reached XP level 4. HP: 6/40 MP: 3/3
  2896 | D:3      | Reached skill level 5 in Long Blades
  2914 | D:3      | Noticed Ijyb
  3240 | D:3      | Found a blossoming altar of Fedhas.
  3291 | D:3      | Found Zareresu's Book Emporium.
  3406 | D:3      | Killed from afar by an orc priest

Illustrated notes

Levels and vault maps discovered:
D:1:      zelgadis_glass_arrival_small, layout_basic,
          chequers_ecumenical_altar_simple_redux
D:2:      layout_loops_ring
D:3:      layout_rooms, mainiacjoe_overflow_cross_hatched,
          nicolae_dithmenos_through_a_glass_darkly, serial_shops,
          nicolae_shop_statue_plus, uniq_ijyb

Skill      XL: |  1  2  3  4 |
---------------+-------------+-----
Long Blades    | 4 5 |  5.0
Armour         | 1 2 |  2.1
Fighting       | 4 |  4.3
Dodging        | |  3.2
Stealth        | |  1.5

Action                   |  1- 3 |  4- 6 || total
-------------------------+-------+-------++-------
Melee: Falchion          |   109 |    39 ||   148
       Headbutt          |    23 |     5 ||    28
  Use: Potion            |     1 |       ||     1
 Stab: Sleeping          |     1 |       ||     1
Armor: Robe              |     6 |       ||     6
       Scale mail        |    30 |    20 ||    50
       Skin              |     6 |       ||     6
Dodge: Dodged            |    64 |    29 ||    93
       Rpst.: Falchion   |    18 |     2 ||    20

Table legend: (Time is in decaauts)
 A = Elapsed time spent in this place.
 B = Non-inter-level travel time spent in this place.
 C = Inter-level travel time spent in this place.
 D = Time resting spent in this place.
 E = Time spent auto-exploring this place.
 F = Levels seen in this place.
 G = Mean time per level.
                   A        B        C        D        E       F      G
               +--------+--------+--------+--------+--------+-----+--------+
         Total |   3422 |   3217 |    205 |   1388 |   1432 |   3 | 1140.7 |
       Dungeon |   3422 |   3217 |    205 |   1388 |   1432 |   3 | 1140.7 |
               +--------+--------+--------+--------+--------+-----+--------+

Top non-repeatable levels by time:
     D:2: 1916 daAuts
     D:1: 1221 daAuts
     D:3: 284 daAuts
